 Dungeon Crawl Stone Soup version 0.23.2-1-ga50397a6bc (webtiles) character file.

Game seed: 1707688139797998640

15199 Revguard the Cleaver (level 12, -2/94 HPs)
             Began as a Formicid Fighter on May 7, 2019.
             Was a Believer of Makhleb.
             Slain by a harpy (9 damage)
             ... summoned by Kirke
             ... on level 12 of the Dungeon.
             The game lasted 00:34:50 (9866 turns).

Revguard the Cleaver (Formicid Fighter)             Turns: 9866, Time: 00:34:53

Health: -2/94      AC: 13    Str: 26    XL:     12   Next: 54%
Magic:  17/17      EV: 16    Int:  9    God:    Makhleb [**....]
Gold:   693        SH: 14    Dex: 14    Spells: 11/11 levels left

rFire    . . .     SeeInvis +   q - +0 war axe (venom)
rCold    . . .     Gourm    .   c - +1 shield
rNeg     . . .     Faith    .   N - +0 acid dragon scales
rPois    .         Spirit   .   (helmet unavailable)
rElec    .         Reflect  .   u - +0 cloak
rCorr    +         Harm     .   e - +0 pair of gloves
MR       ++...     Clarity  +   t - +1 pair of boots
Stlth    ++........             (no amulet)
HPRegen  0.25/turn              i - +5 ring of strength
MPRegen  0.15/turn              l - +2 ring of evasion

@: no status effects
A: permanent stasis, dig shafts and tunnels, four strong arms, antennae 3,
camouflage 1, clarity, magic resistance 1
a: Dig, Shaft Self, Minor Destruction, Renounce Religion


You were on level 12 of the Dungeon.
You worshipped Makhleb.
Makhleb was pleased with you.
You were not hungry.

You visited 2 branches of the dungeon, and saw 13 of its levels.

You collected 693 gold pieces.

Inventory:

Hand Weapons
 q - a +0 war axe of venom (weapon)
 E - a +2 halberd of venom
 M - a +2 hand axe of flaming
Armour
 c - a +1 shield (worn)
 e - a +0 pair of gloves (worn)
 t - a +1 pair of boots (worn)
 u - a +0 cloak (worn)
 N - +0 acid dragon scales (worn)
Jewellery
 i - a +5 ring of strength (left hand)
 l - a +2 ring of evasion (right hand)
 x - an uncursed ring of stealth
 J - an uncursed ring of flight
 L - an uncursed amulet of rage
Wands
 b - a wand of clouds (8)
 v - a wand of polymorph (3)
 B - a wand of flame (16)
 F - a wand of disintegration (13)
 O - a wand of iceblast (10)
Scrolls
 j - a scroll of immolation
 k - a scroll of magic mapping
 m - 3 scrolls of amnesia
 n - a scroll of brand weapon
 o - a scroll of noise
 r - 3 scrolls of blinking {unknown}
 y - a scroll of torment {unknown}
 z - a scroll of random uselessness {unknown}
 A - a scroll of enchant weapon {unknown}
 D - a scroll of remove curse
 K - a scroll of silence {unknown}
Potions
 a - a potion of ambrosia
 d - 4 potions of might
 g - 7 potions of flight
 h - 4 potions of curing
 p - a potion of agility
 s - 2 potions of brilliance
 w - a potion of magic
 C - 2 potions of lignification
 G - a potion of resistance
 H - a potion of cancellation
 I - a potion of invisibility
Comestibles
 f - 17 rations


   Skills:
 + Level 8.4 Fighting
 + Level 11.1(11.5) Axes
 + Level 4.8(8.7) Polearms
 + Level 7.7 Armour
 + Level 4.6 Dodging
 + Level 10.3 Shields
 * Level 4.2 Invocations
 * Level 7.1 Evocations


You had 11 spell levels left.
You didn't know any spells.
Your spell library contained the following spells:

 Spells                   Type           Power        Failure   Level  Hunger
 Confusing Touch          Hex            #.....       43%         1    ##.....
 Summon Small Mammal      Summ           #...         43%         1    ##.....
 Shroud of Golubria       Chrm/Tloc      #.........   58%         2    ###....
 Confuse                  Hex            #.......     82%         3    ####...
 Gell's Gravitas          Tloc           #.........   82%         3    ####...
 Ice Form                 Ice/Tmut       #.......     99%         4    #####..
 Petrify                  Tmut/Erth      #.......     99%         4    #####..
 Metabolic Englaciation   Hex/Ice        #.........   100%        5    ######.
 Yara's Violent Unravell  Hex/Tmut       #.........   100%        5    ######.
 Bolt of Cold             Conj/Ice       #.........   100%        6    #######
 Freezing Cloud           Conj/Ice/Air   #.........   100%        6    #######
 Ozocubu's Refrigeration  Ice            #.........   100%        6    #######
 Simulacrum               Ice/Necr       #.........   100%        6    #######
 Disjunction              Tloc           #.........   100%        8    #######


Dungeon Overview and Level Annotations

Branches:
Dungeon (12/15)            Temple (1/1) D:4            Lair (0/6) D:8
    Orc (0/2) D:10

Altars:
Ashenzari
Cheibriados
Dithmenos
Elyvilon
Fedhas
Gozag
Hepliaklqana
Kikubaaqudgha
Makhleb
Nemelex Xobeh
Okawaru
Qazlal
Ru
Sif Muna
Trog
Uskayaw
Vehumet
Wu Jian
Xom
Yredelemnul
Zin
The Shining One

Shops:
D:5 [   D:6 (   D:7 [}?   D:11 *

Annotations:
D:12 Kirke


Innate Abilities, Weirdness & Mutations

You cannot be hasted, slowed, berserked, paralysed or teleported.
You can dig through walls and to a lower floor.
Your four strong arms can wield two-handed weapons with a shield.
You have a pair of large antennae on your head. (SInv)
Your skin changes colour to match your surroundings (Stealth+).
You possess an exceptional clarity of mind.
You are resistant to hostile enchantments. (MR+)


Message History

* * * LOW HITPOINT WARNING * * *
The harpy misses you. The harpy closely misses you. x2
You block the harpy's attack. Kirke hits you but does no damage.
The harpy misses you. The harpy claws you.
* * * LOW HITPOINT WARNING * * *
Unknown command.
Press: ? - help, Shift-Dir - straight line, f - Kirke
Aim: Kirke (severely wounded, poisoned, slightly transparent)
The puff of flame misses Kirke.
The harpy claws you but does no damage. The harpy misses you.
You block the harpy's attack. The harpy claws you.
* * * LOW HITPOINT WARNING * * *
The harpy claws you but does no damage. The harpy completely misses you.
You block Kirke's attack. The harpy misses you. The harpy closely misses you.
You barely miss Kirke.
Kirke is severely wounded.
You closely miss the harpy. You slash the harpy! You hit the harpy.
The harpy claws you!
* * * LOW HITPOINT WARNING * * *
You block the harpy's attack. The harpy claws you!
You die...

...#######......####..,,**,,,,***
#### #.....#....####,,,,,,****,
#.....#......###*,,****,,, *****
#.....####.....#*****,,,,, ,,,,*
#.....####.....#*****,,,,, ,,,,*
#.....#......#***,,****,,, .,,,*
#.....#.?..#***,.,,,,****,
....####.......H####....,,,,,,***
...............H@†.....#***,,,,,,
....#...........H@...### ****,**
.,,,#................# *,,,
,,,,#.########...%...# ****
,,,,#.* #.......# * ,,,,#.*
####....# * ,,,,#,* *....# *
,,,,*,**** *##### * ,,,,*,,,,*


You could see Kirke (invisible) and 3 harpies.

Vanquished Creatures
  Gastronok (D:9)
  Harold (D:8)
  A two-headed ogre (D:9)
  An unseen horror (D:10)
  Pikel (D:8)
  A deep elf mage (D:12)
  A manticore (D:11)
  Maurice (D:8)
  Joseph (D:9)
  2 guardian serpents (D:9)
  2 rime drakes (D:12)
  A queen bee (D:10)
  A troll (D:10)
  Prince Ribbit (D:7)
  Sigmund (D:5)
  A wyvern (D:9)
  Eustachio (D:5)
  2 hungry ghosts (D:7)
  6 hogs (D:12)
  Menkaure (D:7)
  Duvessa (D:6)
  An acid dragon (D:11)
  A water moccasin (D:7)
  The ghost of withersans the Nimble, an amateur SpWn (D:5)
  An ice beast (D:10)
  4 slaves (D:8)
  4 sky beasts
  An eye of draining (D:10)
  3 ogres
  5 phantoms
  9 centaurs
  3 big kobolds
  10 bullfrogs
  Dowan (D:6)
  19 killer bees
  5 wights
  A howler monkey (D:7)
  8 crimson imps
  A quasit (D:11)
  3 hounds
  3 jellies
  A bullfrog zombie (D:5)
  6 orc priests
  Crazy Yiuf (D:7)
  11 orc wizards
  2 bullfrog skeletons
  2 centaur skeletons
  An iguana (D:11)
  7 worker ants
  A hound zombie (D:10)
  A hound skeleton (D:4)
  A worker ant zombie (D:10)
  Robin (D:4)
  13 gnolls
  16 adders
  5 shadow imps
  An ooze (D:1)
  An adder skeleton (D:7)
  4 worms
  4 dart slugs
  12 leopard geckos
  33 orcs
  4 giant cockroaches
  17 goblins
  18 hobgoblins
  10 jackals
  15 kobolds
  5 quokkas
  A ball python (D:1)
  8 bats
  A jackal zombie (D:7)
  A leopard gecko skeleton (D:8)
  A quokka zombie (D:5)
  11 rats
  A bush (D:4)
330 creatures vanquished.

Notes
Turn   | Place    | Note
-------+----------+-------------------------------------------
     0 | D:1      | Revguard the Formicid Fighter began the quest for the Orb.
     0 | D:1      | Reached XP level 1. HP: 18/18 MP: 1/1
    70 | D:1      | Reached XP level 2. HP: 22/24 MP: 2/2
   212 | D:1      | Reached XP level 3. HP: 24/29 MP: 3/3
   643 | D:2      | Reached XP level 4. HP: 32/37 MP: 4/4
   913 | D:2      | Reached skill level 3 in Axes
  1152 | D:3      | Noticed a phantom
  1153 | D:3      | Found a snail-covered altar of Cheibriados.
  1184 | D:3      | Reached XP level 5. HP: 26/42 MP: 5/5
  1260 | D:3      | Killed a phantom
  1260 | D:3      | Reached skill level 1 in Dodging
  1260 | D:3      | Reached XP level 6. HP: 28/48 MP: 6/6
  1454 | D:3      | Reached skill level 4 in Axes
  1848 | D:3      | Reached skill level 5 in Shields
  1868 | D:3      | Found an iron altar of Okawaru.
  1953 | D:3      | Noticed a water elemental
  1964 | D:3      | Found a stormy altar of Qazlal.
  1966 | D:3      | Noticed a fire elemental
  1966 | D:3      | Noticed an air elemental
  2039 | D:3      | Reached XP level 7. HP: 45/54 MP: 7/7
  2262 | D:4      | Noticed Robin
  2264 | D:4      | Reached skill level 5 in Axes
  2282 | D:4      | Killed Robin
  2551 | D:4      | Reached XP level 8. HP: 59/61 MP: 8/8
  2588 | D:4      | Found a staircase to the Ecumenical Temple.
  2609 | D:4      | Reached skill level 6 in Axes
  2657 | Temple   | Entered the Ecumenical Temple
  3176 | D:5      | Entered Level 5 of the Dungeon
  3204 | D:5      | Noticed Eustachio
  3215 | D:5      | Reached skill level 5 in Fighting
  3232 | D:5      | Killed Eustachio
  3296 | D:5      | Reached skill level 5 in Armour
  3345 | D:5      | Reached skill level 7 in Axes
  3425 | D:5      | Reached XP level 9. HP: 44/68 MP: 9/9
  3572 | D:5      | Found Fiajir's Antique Armour Emporium.
  3851 | D:5      | Found a runed translucent gate.
  3852 | D:5      | Found a runed translucent gate.
  3853 | D:5      | Found a runed translucent gate.
  3853 | D:5      | Identified the +4 short sword of Evil {elec, rC- Dex+6
                  | SInv}
  3853 | D:5      | Noticed withersans's ghost (amateur SpWn)
  3978 | D:5      | Killed withersans's ghost
  3978 | D:5      | Reached skill level 8 in Axes
  4111 | D:5      | Noticed Sigmund
  4119 | D:5      | Killed Sigmund
  4281 | D:6      | Found a bloodstained altar of Trog.
  4382 | D:6      | Reached skill level 1 in Evocations
  4484 | D:6      | Noticed Duvessa
  4485 | D:6      | Noticed Dowan
  4495 | D:6      | Found Jonness's Weapon Shoppe.
  4501 | D:6      | Killed Duvessa
  4509 | D:6      | Killed Dowan
  4566 | D:6      | Found an ancient bone altar of Kikubaaqudgha.
  4573 | D:6      | Reached XP level 10. HP: 73/76 MP: 11/11
  4579 | D:6      | Found a radiant altar of Vehumet.
  4593 | D:6      | Found a deep blue altar of Sif Muna.
  4604 | D:6      | Identified Sif Muna's Volume of the Escort
  4713 | D:6      | Found a shattered altar of Ashenzari.
  4949 | D:7      | Reached skill level 9 in Axes
  4969 | D:7      | Noticed Menkaure
  4971 | D:7      | Found Bezurevuu's Armour Shop.
  4980 | D:7      | Killed Menkaure
  5069 | D:7      | Found Bamim's Gadget Shoppe.
  5506 | D:7      | Found Jefet's Magic Scroll Boutique.
  5515 | D:7      | Gained mutation: Your skin changes colour to match your
                  | surroundings (Stealth+). [potion of mutation]
  5515 | D:7      | Gained mutation: You are resistant to hostile enchantments.
                  | (MR+) [potion of mutation]
  5515 | D:7      | Gained mutation: You possess an exceptional clarity of
                  | mind. [potion of mutation]
  5540 | D:7      | Noticed Prince Ribbit
  5565 | D:7      | Killed Prince Ribbit
  5568 | D:7      | Found a sparkling altar of Nemelex Xobeh.
  5602 | D:7      | Found a runed translucent door.
  5603 | D:7      | Noticed Crazy Yiuf
  5613 | D:7      | Killed Crazy Yiuf
  5713 | D:8      | Noticed Pikel
  5740 | D:8      | Killed Pikel
  5740 | D:8      | Reached skill level 10 in Axes
  5911 | D:8      | Found a staircase to the Lair.
  6006 | D:8      | Noticed Harold
  6016 | D:8      | Killed Harold
  6016 | D:8      | Reached XP level 11. HP: 14/84 MP: 14/14
  6442 | D:8      | Noticed Maurice
  6449 | D:8      | Killed Maurice
  6449 | D:8      | Reached skill level 5 in Evocations
  6665 | D:9      | Noticed Joseph
  6674 | D:9      | Killed Joseph
  6708 | D:9      | Reached skill level 1 in Polearms
  7053 | D:9      | Found a hazy altar of Hepliaklqana.
  7057 | D:9      | Found an ornate altar of the Wu Jian Council.
  7058 | D:9      | Found an iron altar of Okawaru.
  7058 | D:9      | Found a burning altar of Makhleb.
  7059 | D:9      | Found a basalt altar of Yredelemnul.
  7071 | D:9      | Became a worshipper of Makhleb the Destroyer
  7224 | D:9      | Noticed a two-headed ogre
  7234 | D:9      | Killed a two-headed ogre
  7276 | D:9      | Noticed Gastronok
  7297 | D:9      | Killed Gastronok
  8062 | D:10     | Entered Level 10 of the Dungeon
  8094 | D:10     | Found a staircase to the Orcish Mines.
  8384 | D:10     | Noticed an unseen horror
  8391 | D:10     | Killed an unseen horror
  8391 | D:10     | Reached skill level 1 in Invocations
  8433 | D:10     | Reached XP level 12. HP: 92/92 MP: 16/16
  8502 | D:10     | Reached * piety under Makhleb
  8847 | D:10     | Reached skill level 10 in Shields
  9267 | D:11     | Identified the Volume of Compression
  9291 | D:11     | Found Cilul's General Store.
  9369 | D:11     | Found an opulent altar of Gozag.
  9678 | D:12     | Reached skill level 11 in Axes
  9716 | D:12     | Reached ** piety under Makhleb
  9753 | D:12     | Found a frozen archway.
  9845 | D:12     | Noticed Kirke
  9866 | D:12     | Slain by a harpy

Skill      XL: |  1  2  3  4  5  6  7  8  9 10 11 12 |
---------------+-------------------------------------+-----
Shields        | 4 5 6 8 9 10 | 10.3
Axes           | 3 4 5 7 8 10 11 | 11.1
Fighting       | 4 5 6 7 8 |  8.4
Armour         | 4 5 6 7 |  7.7
Dodging        | 1 2 3 4 |  4.6
Evocations     | 1 4 6 7 |  7.1
Polearms       | 4 |  4.8
Invocations    | 1 4 |  4.2

Action                   |  1- 3 |  4- 6 |  7- 9 | 10-12 || total
-------------------------+-------+-------+-------+-------++-------
Melee: War axe           |    76 |   249 |   505 |   461 ||  1291
       Halberd           |       |       |       |    87 ||    87
Invok: Minor Destruction |       |       |       |     1 ||     1
 Abil: Dig               |       |     1 |       |     8 ||     9
Evoke: Wand              |       |       |       |     8 ||     8
  Use: Potion            |       |     2 |     2 |     9 ||    13
       Scroll            |       |       |     7 |    10 ||    17
 Stab: Sleeping          |       |       |       |     4 ||     4
  Eat: Chunk             |       |     4 |     9 |    14 ||    27
       Ration            |       |       |       |     3 ||     3
Armor: Scale mail        |    40 |   105 |   147 |   104 ||   396
       Skin              |       |    25 |       |    33 ||    58
       Acid dragon scale |       |       |       |    31 ||    31
Dodge: Dodged            |    21 |    92 |   183 |   301 ||   597
Block: Shield            |    46 |   134 |   292 |   396 ||   868
